 Dungeon Crawl Stone Soup version 0.30-a0-242-g7bf8e6d787 (webtiles) character file.

Game seed: 8913781221398757646

371 koil the Covert (level 6, -1/29 HPs)
             Began as a Spriggan Enchanter on Oct 11, 2022.
             Slain by a gnoll
             ... wielding a +0 flail
              (11 damage)
             ... on level 4 of the Dungeon.
             The game lasted 00:09:25 (2845 turns).

koil the Covert (Spriggan Enchanter)                Turns: 2845, Time: 00:09:25

Health: -1/29      AC:  2    Str:  4    XL:     6   Next: 42%
Magic:  11/11      EV: 18    Int: 17    God:
Gold:   125        SH:  0    Dex: 17    Spells: 9/11 levels left

rFire   . . .      SeeInvis +    a - +2 short sword (venom)
rCold   . . .      Faith    .    (no shield)
rNeg    . . .      Spirit   .    w - +0 robe
rPois   .          Reflect  .    (helmet restricted)
rElec   .          Harm     .    (no cloak)
rCorr   .          Rampage  .    (gloves unavailable)
Will    +....                    (boots unavailable)
Stlth   ++++......               (no amulet)
HPRegen 0.24/turn                (no ring)
MPRegen 0.12/turn                (no ring)

@: very quick
A: very small, no large weapons, unfitting armour, see invisible, speed 3
a: no special abilities


You were on level 4 of the Dungeon.
You visited 1 branch of the dungeon, and saw 4 of its levels.

You collected 125 gold pieces.

Inventory:

Hand Weapons
 a - a +2 short sword of venom (weapon)
 b - a +0 sling
 l - a +0 vorpal hand axe
 m - a +1 dagger
 t - a +1 short sword of draining
Missiles
 u - 7 poisoned darts
Armour
 w - a +0 robe (worn)
Jewellery
 s - a ring of resist corrosion
Scrolls
 e - a scroll of blinking {unknown}
 f - 2 scrolls of noise {unknown}
 i - a scroll of enchant armour {unknown}
 j - a scroll of torment {unknown}
 k - 4 scrolls of identify {unknown}
 o - 2 scrolls of immolation {unknown}
 p - 2 scrolls of teleportation {unknown}
 r - a scroll of vulnerability {unknown}
Potions
 c - 2 potions of invisibility
 g - 3 potions of berserk rage {unknown}
 h - a potion of brilliance {unknown}
 n - 2 potions of curing {unknown}
 q - a potion of mutation {unknown}
 v - a potion of flight {unknown}


   Skills:
 + Level 0.8 Fighting
 + Level 3.4 Short Blades
 + Level 0.1 Ranged Weapons
 + Level 3.5 Dodging
 + Level 8.0 Stealth
 + Level 3.2 Spellcasting
 + Level 4.5 Hexes
 + Level 1.0 Ice Magic


You had 9 spell levels left.
You knew the following spells:

 Your Spells              Type           Power      Damage    Failure   Level
a - Ensorcelled Hibernat  Hex/Ice        24%        N/A       9%          2

Your spell library contained the following spells:

 Spells                   Type           Power      Damage    Failure   Level
 Confusing Touch          Hex            18%        N/A       8%          3
 Tukima's Dance           Hex            18%        N/A       8%          3
 Dazzling Flash           Conj/Hex       20%        N/A       21%         3


Dungeon Overview and Level Annotations

Branches:
Dungeon (4/15)             Temple (0/1) D:4

Altars:

Shops:
D:1 [


Innate Abilities, Weirdness & Mutations

You are very small and have problems with some larger weapons.
You are too small for most types of armour.
You have supernaturally acute eyesight. (SInv)
You cover ground extremely quickly. (Speed+++)


Message History

Things that are here:
a +0 trident; an orc corpse
Items here: )) [ †.
You start resting.
HP restored.
A hobgoblin comes into view.
Found a staircase to the Ecumenical Temple.
You completely miss the hobgoblin. The hobgoblin barely misses you.
You hit the hobgoblin.
The hobgoblin is poisoned.
The hobgoblin is almost dead.
The hobgoblin closely misses you.
You hit the hobgoblin.
You kill the hobgoblin!
No target in view!
No target in view!
An iguana comes into view.
The helpless iguana fails to defend itself.
You skewer the iguana like a kebab!!!
You kill the iguana!
Your Stealth skill increases to level 8!
No target in view!
A gnoll comes into view. It is wielding a +0 spear.
A gnoll comes into view. It is wielding a +0 spear.
Found a scroll labelled MEFISY DOJOUPNIETH.
A gnoll comes into view. It is wielding a +0 flail.
Found a fizzy amethyst potion.
The gnoll shouts! x2
The gnoll throws a throwing net.
The throwing net barely misses you. The gnoll hits you with a +0 spear!
You hit the gnoll.
The gnoll is poisoned.
The gnoll is moderately wounded.
The gnoll hits you with a +0 spear. x2
You hit the gnoll.
The gnoll is poisoned.
The gnoll is lightly wounded.
The gnoll closely misses you. The gnoll barely misses you.
The gnoll hits you with a +0 spear.
You hit the gnoll.
The gnoll is poisoned.
The gnoll is heavily wounded.
The gnoll barely misses you. The gnoll hits you with a +0 flail!
You die...

##.##..<.......##.###
###..
#..####.......#...#
.. ##.##
##########..### .
#.## ##...### #.#
##...(..### .##
##.......... ##
##..........?
##............
#..g@.........
#...g.g........
#...............
....!............
.....#####.......
...## .#..... ###
######


You could see 3 gnolls.

Vanquished Creatures
  Sigmund (D:3)
  An orc priest (D:4)
  An iguana (D:4)
  Terence (D:2)
  Natasha (D:3)
  3 adders (D:2)
  2 dart slugs
  4 orcs (D:4)
  4 ball pythons
  7 endoplasms
  3 giant cockroaches
  7 goblins
  4 hobgoblins
  4 jackals (D:2)
  3 quokkas
  2 bats (D:1)
  4 frilled lizards
  11 kobolds
  6 rats
69 creatures vanquished.

Notes
Turn   | Place    | Note
-------+----------+-------------------------------------------
     0 | D:1      | koil the Spriggan Enchanter began the quest for the Orb.
     0 | D:1      | Reached XP level 1. HP: 9/9 MP: 5/5
   232 | D:1      | Reached XP level 2. HP: 13/13 MP: 6/6
   245 | D:1      | Learned a level 2 spell: Ensorcelled Hibernation
   336 | D:1      | Reached skill level 5 in Stealth
   380 | D:1      | Found Muawae's Armour Emporium.
   750 | D:2      | Reached XP level 3. HP: 5/16 MP: 5/8
   871 | D:2      | Noticed Terence
   886 | D:2      | Killed Terence
  1083 | D:2      | Reached skill level 6 in Stealth
  1083 | D:2      | Reached XP level 4. HP: 20/21 MP: 9/9
  2301 | D:3      | Noticed Natasha
  2311 | D:3      | Killed Natasha
  2312 | D:3      | Reached XP level 5. HP: 24/24 MP: 10/10
  2337 | D:3      | Noticed Sigmund
  2358 | D:3      | Killed Sigmund
  2359 | D:3      | Reached skill level 7 in Stealth
  2359 | D:3      | Reached XP level 6. HP: 12/29 MP: 7/11
  2645 | D:4      | Noticed an ice beast
  2730 | D:4      | Reached skill level 1 in Ice Magic
  2814 | D:4      | Found a staircase to the Ecumenical Temple.
  2831 | D:4      | Reached skill level 8 in Stealth
  2845 | D:4      | Slain by a gnoll

Illustrated notes

Levels and vault maps discovered:
D:1:      ncdulo_watergridlock, layout_basic, serial_shops, shop
D:2:      layout_loops_cross, uniq_terence
D:3:      layout_basic, hangedman_decor_clover_reticule, uniq_sigmund,
          uniq_natasha
D:4:      layout_cave_pods, minmay_temple_entry_wispy, uniq_duvessa,
          uniq_eustachio, uniq_blork_the_orc, uniq_ijyb

Skill      XL: |  1  2  3  4  5  6 |
---------------+-------------------+-----
Hexes          | 4 |  4.5
Stealth        | 5 6 7 8 |  8.0
Dodging        | 3 |  3.5
Spellcasting   | 3 |  3.2
Short Blades   | 2 3 |  3.4
Ice Magic      | 1 |  1.0
Fighting       | |  0.8
Ranged Weapons | |  0.1

Action                   |  1- 3 |  4- 6 || total
-------------------------+-------+-------++-------
Melee: Dagger            |    59 |     1 ||    60
       Short sword       |       |   122 ||   122
       Punch             |       |     3 ||     3
 Fire: Sling             |       |     2 ||     2
 Cast: Ensorcelled Hiber |    10 |     5 ||    15
 Stab: Sleeping          |    10 |    13 ||    23
       Distracted        |       |     2 ||     2
Armor: Robe              |     5 |     4 ||     9
Dodge: Dodged            |    53 |    67 ||   120

Table legend: (Time is in decaauts)
 A = Elapsed time spent in this place.
 B = Non-inter-level travel time spent in this place.
 C = Inter-level travel time spent in this place.
 D = Time resting spent in this place.
 E = Time spent auto-exploring this place.
 F = Levels seen in this place.
 G = Mean time per level.
                   A        B        C        D        E       F      G
               +--------+--------+--------+--------+--------+-----+--------+
         Total |   1989 |   1920 |     69 |    120 |   1338 |   4 |  497.2 |
       Dungeon |   1989 |   1920 |     69 |    120 |   1338 |   4 |  497.2 |
               +--------+--------+--------+--------+--------+-----+--------+

Top non-repeatable levels by time:
     D:2: 710 daAuts
     D:1: 561 daAuts
     D:3: 503 daAuts
     D:4: 215 daAuts
